 Dungeon Crawl Stone Soup version 0.28.0-53-g5a82cb258f (webtiles) character file.

Game seed: 13764861854693053901

21623 Plasmagod the Brawler (level 12, -11/113 HPs)
             Began as a Troll Berserker on July 25, 2022.
             Was an Elder of Trog.
             Killed from afar by a tengu reaver (51 damage)
             ... with a bolt of fire
             ... on level 12 of the Dungeon.
             The game lasted 00:23:52 (9317 turns).

Plasmagod the Brawler (Troll Berserker)             Turns: 9317, Time: 00:23:53

Health: -11/113    AC:  9    Str: 36    XL:     12   Next: 55%
Magic:  11/11      EV: 16    Int:  3    God:    Trog [****..]
Gold:   800        SH:  5    Dex: 11    Spells: 11/11 levels left

rFire   . . .      SeeInvis .     - Unarmed
rCold   . . .      Faith    .   (no shield)
rNeg    + . .      Spirit   .   z - +1 troll leather armour
rPois   .          Reflect  +   (helmet restricted)
rElec   .          Harm     .   o - +1 cloak
rCorr   .          Rampage  .   (gloves unavailable)
Will    ++...                   (boots unavailable)
Stlth   +++.......              n - amulet of Qishuck {Reflect rN+ SH+5 Stlth+}
HPRegen 2.88/turn               f - +4 ring of evasion
MPRegen 0.12/turn               w - +6 ring of strength

@: strong-willed, on berserk cooldown, regenerating, slowed, very slow
A: large, unfitting armour, claws 3, regeneration 1, shaggy fur 1, tough skin 1
a: Renounce Religion, Berserk, Trog's Hand, Brothers in Arms


You were on level 12 of the Dungeon.
You worshipped Trog.
Trog was greatly pleased with you.
You visited 1 branch of the dungeon, and saw 12 of its levels.
You also visited: Sewer.

You collected 800 gold pieces.

Inventory:

Missiles
 g - 5 javelins (quivered)
Armour
 o - a +1 cloak (worn)
 z - a +1 troll leather armour (worn)
Jewellery
 f - a +4 ring of evasion (left claw)
 n - the amulet of Qishuck (around neck) {Reflect rN+ SH+5 Stlth+}
   (You found it on level 5 of the Dungeon)

   [amulet of reflection]

   It reflects blocked missile attacks.
   rN:        It protects you from negative energy.
   SH:        It affects your SH (+5).
   Stlth:     It makes you more stealthy.
 v - a +6 ring of dexterity
 w - a +6 ring of strength (right claw)
 x - an amulet of reflection
 A - a ring of ice
 F - a ring of magical power
Wands
 m - a wand of acid (7)
 p - a wand of polymorph (6)
 u - a wand of flame (6)
 E - a wand of paralysis (6)
Scrolls
 a - a scroll of fear
 c - a scroll of identify
 d - a scroll of immolation
 e - a scroll of enchant weapon
 l - 4 scrolls of magic mapping
 s - 3 scrolls of teleportation
 y - a scroll of summoning
 C - a scroll of noise {unknown}
 D - a scroll of fog {unknown}
Potions
 b - 4 potions of curing
 h - a potion of flight
 i - 5 potions of mutation
 j - 2 potions of resistance
 k - 2 potions of lignification
 q - 3 potions of invisibility
 r - 3 potions of brilliance
 t - 2 potions of might
 B - a potion of heal wounds


   Skills:
 + Level 5.8 Fighting
 + Level 0.1 Throwing
 + Level 3.5 Armour
 + Level 7.5 Dodging
 + Level 3.7 Stealth
 + Level 3.3 Shields
 + Level 16.3 Unarmed Combat


You had 11 spell levels left.
You didn't know any spells.
Your spell library was empty.

Dungeon Overview and Level Annotations

Branches:
Dungeon (12/15)            Temple (0/1) D:4            Lair (0/6) D:8
    Orc (0/2) D:9           Sewer (visited)

Altars:
Ashenzari
Dithmenos
Kikubaaqudgha
Nemelex Xobeh
Sif Muna
Trog
Vehumet
Xom
Yredelemnul
The Shining One

Shops:
D:1 (   D:6 ?   D:9 ?

Annotations:
D:5 1 runed translucent door


Innate Abilities, Weirdness & Mutations

You are too large for most types of armour.
You have claws for hands.
Your natural rate of healing is unusually fast.
You are covered in fur. (AC +1)
You have tough skin. (AC +1)


Message History

You block the tengu reaver's attack.
You barely miss the tengu reaver.
The tengu reaver is almost dead.
You scratch the tengu reaver.
The tengu reaver is almost dead.
You barely miss the tengu reaver.
The tengu reaver is almost dead.
You closely miss the tengu reaver.
The tengu reaver is almost dead.
The tengu reaver gestures at you while chanting.
The bolt of negative energy hits you! You partially resist.
You feel drained.
You mangle the tengu reaver!!
You feel the power of Trog in you as your rage grows.
You kill the tengu reaver!
Trog accepts your kill.
Trog appreciates your killing of a magic user.
Your life force feels restored.
You eviscerate the tengu reaver!!!
The tengu reaver is heavily wounded.
You mangle the tengu reaver!!
The tengu reaver is almost dead.
The tengu reaver points at you and mumbles some strange words.
The bolt of lightning hits you!
You barely miss the tengu reaver.
The tengu reaver is almost dead.
You barely miss the tengu reaver.
The tengu reaver is almost dead.
The tengu reaver hits you with a +2 vorpal great mace!!
You block the tengu reaver's attack. The tengu reaver claws you!
You closely miss the tengu reaver.
The tengu reaver is almost dead.
You are no longer berserk.
You are exhausted.
You feel yourself slow down.
Your skin crawls.
You feel strong-willed.
The fire crab changes into a meliai!
The tengu reaver points at you and mumbles some strange words.
The bolt of fire hits you!!!
You die...

#..###.............#
#...#..
#..................##
#...#..
#...................#
#......
###################.#
#...... #..## #......
####..# .......
#...### ....... #...#
#...... #@..# #......
#.NeQ#### #......
#..hJ #...... #..By
#(..... #u... #......
..#### #...... ...
#...... .. #......
#......


You could see a tengu reaver, a boulder beetle, a red ugly thing, a salamander,
a slime creature, a deep elf archer (repels missiles), a meliai shaped shifter
and a howler monkey.

Vanquished Creatures
  A tengu reaver (D:12)
  A hydra (D:12)
  3 boulder beetles
  A two-headed ogre (D:9)
  A deep elf knight (D:12)
  2 ugly things (D:12)
  A manticore (D:12)
  A guardian serpent (shapeshifter) (D:12)
  A gargoyle (D:12)
  A kobold demonologist (D:12)
  A komodo dragon (D:12)
  4 trolls
  A shadow (D:9)
  Sigmund (D:6)
  4 wraiths
  33 yaks
  Grum (D:10)
  8 vampire mosquitoes
  A steam dragon (D:6)
  Menkaure (D:7)
  2 acid dragons
  3 water moccasins
  Duvessa (D:7)
  4 ice beasts
  2 black bears (D:6)
  3 orc warriors
  A sky beast (D:3)
  2 wolves (D:10)
  A boggart (D:12)
  An ogre (D:5)
  9 centaurs
  3 kobold brigands (Sewer)
  3 bullfrogs
  10 scorpions
  2 water moccasin zombies (D:6)
  A wyvern skeleton (D:6)
  Dowan (D:7)
  A water moccasin skeleton (D:7)
  2 killer bees (D:5)
  3 wights (D:8)
  2 centaur zombies
  A crimson imp (D:7)
  6 howler monkeys
  2 jellies (D:5)
  A bullfrog skeleton (D:5)
  6 orc priests
  A centaur skeleton (D:5)
  Crazy Yiuf (D:7)
  An iguana (D:6)
  11 orc wizards
  A killer bee zombie (D:4)
  3 howler monkey zombies
  4 gnolls (D:7)
  9 adders
  A white imp (D:7)
  A worm (D:6)
  3 dart slugs
  69 orcs
  3 ball pythons
  7 endoplasms
  7 giant cockroaches
  7 goblins
  5 hobgoblins
  4 jackals (D:4)
  14 kobolds
  3 quokkas
  5 bats
  A frilled lizard (D:2)
  4 rats
306 creatures vanquished.

Vanquished Creatures (collateral kills)
  A hydra (D:12)
  An ugly thing (D:12)
  2 vampire mosquitoes (D:12)
  An acid dragon (D:12)
5 creatures vanquished.

Vanquished Creatures (others)
  A plant (Sewer)
1 creature vanquished.

Grand Total: 312 creatures vanquished

Notes
Turn   | Place    | Note
-------+----------+-------------------------------------------
     0 | D:1      | Plasmagod the Troll Berserker began the quest for the Orb.
     0 | D:1      | Reached XP level 1. HP: 22/22 MP: 0/0
   142 | D:1      | Found a faded altar of an unknown god.
   259 | D:1      | Found Erchysih's Weapon Emporium.
   430 | D:1      | Reached XP level 2. HP: 29/29 MP: 1/1
  1031 | D:2      | Reached XP level 3. HP: 29/36 MP: 2/2
  1038 | D:2      | Found a shimmering altar of Xom.
  1422 | D:3      | Noticed a sky beast
  1463 | D:3      | Killed a sky beast
  1464 | D:3      | Reached skill level 4 in Unarmed Combat
  1464 | D:3      | Reached XP level 4. HP: 45/45 MP: 3/3
  1511 | D:3      | Reached XP level 5. HP: 53/53 MP: 4/4
  1526 | D:3      | Reached ** piety under Trog
  1705 | D:3      | Noticed a centaur
  1712 | D:3      | Killed a centaur
  1713 | D:3      | Reached skill level 5 in Unarmed Combat
  1902 | D:3      | Reached XP level 6. HP: 7/61 MP: 5/5
  2336 | D:4      | Reached skill level 1 in Stealth
  2400 | D:4      | Found a sparkling altar of Nemelex Xobeh.
  2476 | D:4      | Found a staircase to the Ecumenical Temple.
  2680 | D:5      | Entered Level 5 of the Dungeon
  2852 | D:5      | Reached skill level 6 in Unarmed Combat
  2852 | D:5      | Reached XP level 7. HP: 66/67 MP: 6/6
  2860 | D:5      | Found a shimmering blue altar of Sif Muna.
  3187 | D:5      | Identified the +0 plate armour of Plog {rF+ rC++ Will+
                  | Stlth-}
  3291 | D:5      | Identified the amulet of Qishuck {Reflect rN+ SH+5 Stlth+}
  3362 | D:5      | Reached skill level 7 in Unarmed Combat
  3378 | D:5      | Found a runed translucent door.
  3382 | D:5      | Found a runed translucent door.
  3409 | D:5      | Reached XP level 8. HP: 78/78 MP: 7/7
  3422 | D:5      | Reached skill level 8 in Unarmed Combat
  3846 | D:6      | Reached *** piety under Trog
  3897 | D:6      | Noticed Sigmund
  3906 | D:6      | Killed Sigmund
  3907 | D:6      | Reached skill level 5 in Dodging
  3907 | D:6      | Reached skill level 9 in Unarmed Combat
  3979 | D:6      | Found a glowing drain.
  3992 | Sewer    | Entered a sewer
  4112 | Sewer    | Reached XP level 9. HP: 60/84 MP: 8/8
  4273 | D:6      | Found a bloodstained altar of Trog.
  4286 | D:6      | Reached skill level 10 in Unarmed Combat
  4339 | D:6      | Found Lanadam's Magic Scroll Shoppe.
  5015 | D:7      | Noticed Dowan
  5016 | D:7      | Noticed Duvessa
  5018 | D:7      | Noticed Menkaure
  5023 | D:7      | Killed Dowan
  5027 | D:7      | Killed Menkaure
  5033 | D:7      | Killed Duvessa
  5606 | D:7      | Reached skill level 11 in Unarmed Combat
  5693 | D:7      | Found a runed translucent door.
  5694 | D:7      | Noticed Crazy Yiuf
  5700 | D:7      | Killed Crazy Yiuf
  5918 | D:8      | Reached **** piety under Trog
  5970 | D:8      | Reached XP level 10. HP: 37/94 MP: 9/9
  5978 | D:8      | Reached skill level 12 in Unarmed Combat
  6525 | D:8      | Found a staircase to the Lair.
  6748 | D:9      | Found a staircase to the Orcish Mines.
  6785 | D:9      | Reached ***** piety under Trog
  6885 | D:9      | Found Puurirumn's Magic Scroll Emporium.
  7047 | D:9      | Found a shadowy altar of Dithmenos.
  7063 | D:9      | Received a gift from Trog
  7099 | D:9      | Reached skill level 13 in Unarmed Combat
  7102 | D:9      | Reached skill level 1 in Shields
  7145 | D:9      | Noticed a two-headed ogre
  7150 | D:9      | Killed a two-headed ogre
  7350 | D:9      | Found a broken altar of Ashenzari.
  7408 | D:9      | Found a glowing golden altar of the Shining One.
  7467 | D:10     | Entered Level 10 of the Dungeon
  7468 | D:10     | Noticed Grum
  7481 | D:10     | Killed Grum
  7482 | D:10     | Reached skill level 5 in Fighting
  7552 | D:10     | Found a radiant altar of Vehumet.
  7570 | D:10     | Reached XP level 11. HP: 81/102 MP: 10/10
  7815 | D:10     | Reached skill level 14 in Unarmed Combat
  7955 | D:10     | Found a shimmering altar of Xom.
  8032 | D:10     | Found an ancient bone altar of Kikubaaqudgha.
  8113 | D:10     | Found a basalt altar of Yredelemnul.
  8347 | D:11     | Noticed a boulder beetle
  8353 | D:11     | Killed a boulder beetle
  8354 | D:11     | Reached skill level 1 in Armour
  8361 | D:11     | Received a gift from Trog
  8407 | D:11     | Noticed a boulder beetle
  8420 | D:11     | Killed a boulder beetle
  8781 | D:11     | Identified the +0 ring mail "Ejai" {rF+ Regen+ Dex+2}
  8896 | D:12     | Noticed a brown ugly thing
  8903 | D:12     | Killed a brown ugly thing
  8921 | D:12     | Noticed a purple ugly thing
  8935 | D:12     | Killed a purple ugly thing
  8936 | D:12     | Reached skill level 15 in Unarmed Combat
  9122 | D:12     | Reached XP level 12. HP: 99/111 MP: 11/11
  9180 | D:12     | Noticed a seven-headed hydra
  9190 | D:12     | Killed an eight-headed hydra
  9194 | D:12     | Noticed a boulder beetle
  9214 | D:12     | Killed a boulder beetle
  9279 | D:12     | Noticed an eight-headed hydra
  9288 | D:12     | Noticed a tengu reaver
  9290 | D:12     | Noticed a tengu reaver
  9293 | D:12     | Killed a 12-headed hydra
  9294 | D:12     | Reached skill level 16 in Unarmed Combat
  9306 | D:12     | Noticed a boulder beetle
  9311 | D:12     | Killed a tengu reaver
  9317 | D:12     | Killed from afar by a tengu reaver

Illustrated notes

Levels and vault maps discovered:
D:1:      dpeg_arrival_more_subterranean_lakeside_camping, layout_loops_ring,
          serial_shops, nicolae_shop_hallway_plus,
          dreamdust_ecumenical_altar_hidden_monk_grotto
D:2:      layout_loops_ring, basic_altar
D:3:      layout_basic, minivault_26
D:4:      layout_rooms, nemelex_spade_bored_becter,
          minmay_temple_entry_glassed_door
D:5:      lemuel_insect_pit, layout_loops_corners, kennysheep_mini,
          nrook_campfire, chequers_serial_rivers_small_a,
          wad_floor_pattern_untrapped, kennysheep_generic_room_3
D:6:      layout_basic, trog_ov_bears_minmay, cheibrodos_sewer_entry_bend,
          serial_shops, nicolae_shop_statue_plus, grunt_decor_junction,
          due_unseen_surprise, uniq_sigmund
D:7:      layout_loops_ring, minmay_fire_ice_demons, uniq_duvessa,
          uniq_menkaure, uniq_crazy_yiuf_cottage
D:8:      layout_basic, lair_entry_dummy
D:9:      layout_roguey, grunt_dithmenos_smoke_and_mirrors,
          nicolae_tso_swordbearing_angel, general_overflow_altar,
          hiddenorc2_lemuel, serial_shops, shop_scrolls, special_room
          [special_room_orc], serial_glass, glass_columns_c, glass_columns_a,
          kennysheep_big_empty_room
D:10:     layout_loops_cross, mainiacjoe_overflow_brackets,
          yredelemnul_altar_generic, mainiacjoe_overflow_alcove_2,
          lemuel_crystal_altar, uniq_grum
D:11:     layout_roguey
D:12:     minmay_expanding_squares, layout_long_grid

Skill      XL: |  1  2  3  4  5  6  7  8  9 10 11 12 |
---------------+-------------------------------------+-----
Fighting       | 3 4 5 |  5.8
Dodging        | 3 4 5 6 7 |  7.5
Unarmed Combat | 4 5 6 7 9 11 13 15 16 | 16.3
Stealth        | 1 2 3 |  3.7
Shields        | 1 2 3 |  3.3
Armour         | 2 3 |  3.5
Throwing       | |  0.1

Action                   |  1- 3 |  4- 6 |  7- 9 | 10-12 || total
-------------------------+-------+-------+-------+-------++-------
Melee: Unarmed           |    80 |   105 |   260 |   426 ||   871
       Punch             |       |     4 |    16 |    38 ||    58
Throw: Javelin           |       |       |     1 |       ||     1
Invok: Berserk           |     1 |       |     2 |     4 ||     7
       Trog's Hand       |       |     1 |       |     1 ||     2
       Brothers in Arms  |       |       |       |     1 ||     1
  Use: Scroll            |       |     3 |    12 |     5 ||    20
 Stab: Sleeping          |     1 |     1 |     3 |     5 ||    10
       Distracted        |       |       |       |     2 ||     2
Armor: Animal skin       |    29 |    25 |    49 |    37 ||   140
       Troll leather arm |       |       |       |    42 ||    42
Dodge: Dodged            |    38 |    59 |   105 |   202 ||   404
Block: Other             |       |       |       |    83 ||    83
       Reflection        |       |       |       |     6 ||     6
